 Dungeon Crawl Stone Soup version 0.29.0-4-gdea44cf6ec (webtiles) character file.

Game seed: 2686744371010458993

1 qw the Sneak (level 1, -4/14 HPs)
             Began as a Gargoyle Delver on Sept 10, 2022.
             Was an Initiate of Okawaru.
             Slain by a worm (10 damage)
             ... on level 3 of the Dungeon.
             The game lasted 00:00:04 (115 turns).

qw the Sneak (Gargoyle Delver)                       Turns: 115, Time: 00:00:05

Health: -4/14      AC:  5    Str: 15    XL:     1   Next: 20%
Magic:  1/1        EV: 11    Int: 10    God:    Okawaru [......]
Gold:   18         SH:  0    Dex: 11    Spells: 0/0 levels left

rFire   . . .      SeeInvis .   Y - +0 hand axe
rCold   . . .      Faith    .   (no shield)
rNeg    + . .      Spirit   .   b - +0 leather armour
rPois   inf        Reflect  .   (no helmet)
rElec   +          Harm     .   (no cloak)
rCorr   .          Rampage  .   (no gloves)
Will    .....                   (no boots)
Stlth   +++.......              (no amulet)
HPRegen 0.04/turn               (no ring)
MPRegen 0.07/turn               (no ring)

@: no status effects
A: sickness immunity, AC +2, negative energy resistance 1, electricity
resistance, torment resistance 1, petrification resistance
a: Renounce Religion


You were on level 3 of the Dungeon.
You worshipped Okawaru.
Okawaru was noncommittal.
You visited 1 branch of the dungeon, and saw 3 of its levels.

You collected 18 gold pieces.


Innate Abilities, Weirdness & Mutations

You are immune to sickness and miasma.
Your stone body is resilient. (AC +2)
You are immune to poison.
You resist negative energy. (rN+)
You are resistant to electric shocks. (rElec)
You are resistant to unholy torment.
You are immune to petrification.


   Skills:
 - Level 3.2 Fighting
 + Level 1.9 Axes
 - Level 1.5 Dodging
 - Level 5.4 Stealth


You couldn't memorise any spells.
You didn't know any spells.
Your spell library was empty.

Inventory:

Hand Weapons
 Y - a +0 hand axe (weapon)
Armour
 b - a +0 leather armour (worn)
Jewellery
 c - a ring of protection from cold
Wands
 g - a wand of digging (3)
Scrolls
 d - a scroll of amnesia {unknown}
Potions
 a - a potion of mutation {unknown}
 f - a potion of haste

Dungeon Overview and Level Annotations

Branches:
Dungeon (5/15)
 Temple: D:4-7

Altars:
Okawaru
Qazlal

Shops:
D:3 [


Message History

Existing waypoints: (1) D:4 (2) D:5 Assign waypoint to what number? (0-9, D - delete waypoint) Waypoint 2 re-assigned from D:5 to D:3.
Enter note: You hit the bat.
You kill the bat!
Okawaru accepts your kill.
You see here a scroll of fear.
There is an entrance to Pimaz's Antique Armour Shoppe here.
96 ||| SHOPLISTING chain mail (94 gold, have 8).
You can access your shopping list by pressing '$'.
96 ||| SHOPLISTING runed plate armour (546 gold, have 8).
You can access your shopping list by pressing '$'.
96 ||| SHOPLISTING spiked cloak (199 gold, have 8).
You can access your shopping list by pressing '$'.
96 ||| SHOPLISTING twisted ring mail (189 gold, have 8).
You can access your shopping list by pressing '$'.
c - a ring of protection from cold
d - a scroll labelled UFESOF BOFAOZ A worm comes into view.
You see here 10 gold pieces.
106 ||| Stepping ~*~*~tactically~*~*~ (stealth).
You now have 18 gold pieces (gained 10).
You hit the worm.
The worm is lightly wounded.
You hit the worm.
The worm is heavily wounded.
The worm bites you!
Ouch! That really hurt!
You slash the worm!
The worm is severely wounded.
The worm closely misses you.
You hit the worm.
The worm is almost dead.
You hit the worm but do no damage.
The worm is almost dead.
The worm bites you!
Ouch! That really hurt!
You die...

~.¤¤~~~.~............
~.......~.#...######.
~.~...¤.~.....#
~.¤._.~.~.#...#
~.~...~.~.#...# ..
~.......~.#...# #.#.
.~~~~~.~.#...##.....
................
###.####@##.#.#. #
#...w......
....#.##.##..
#.####.# .. # ..# #..
### .


You could see a worm.

Vanquished Creatures
  A bat (D:3)
  A goblin (D:4)
2 creatures vanquished.

Notes
Turn   | Place    | Note
-------+----------+-------------------------------------------
     0 | D:5      | qw the Gargoyle Delver began the quest for the Orb.
     0 | D:5      | Reached XP level 1. HP: 14/14 MP: 1/1
     0 | D:5      | 0 ||| qw: Version: 0.1-a-117-gfe26ee0
     0 | D:5      | 0 ||| qw: Game counter: 9727
     0 | D:5      | 0 ||| qw: Always use a shield: true
     0 | D:5      | 0 ||| qw: God list: Okawaru
     0 | D:5      | 0 ||| qw: Allow faded altars: false
     0 | D:5      | 0 ||| qw: Do Orc after D:15 true
     0 | D:5      | 0 ||| qw: Do second Lair branch before Depths: true
     0 | D:5      | 0 ||| qw: Lair rune preference: random
     0 | D:5      | 0 ||| qw: Plans: Normal
     0 | D:5      | 0 ||| PLANNING D:1-11
    16 | D:5      | 16 ||| READING scroll labelled ELUETE TUGEGG.
    17 | D:5      | 17 ||| DROPPING scroll of fog.
    18 | D:5      | 18 ||| DROPPING scroll of magic mapping.
    19 | D:5      | 19 ||| DROPPING scroll of fear.
    70 | D:4      | Found an iron altar of Okawaru.
    78 | D:4      | Became a worshipper of Warmaster Okawaru
    87 | D:3      | Found Pimaz's Antique Armour Shoppe.
    87 | D:3      | Found a stormy altar of Qazlal.
    96 | D:3      | 96 ||| SHOPLISTING chain mail (94 gold, have 8).
    96 | D:3      | 96 ||| SHOPLISTING runed plate armour (546 gold, have 8).
    96 | D:3      | 96 ||| SHOPLISTING spiked cloak (199 gold, have 8).
    96 | D:3      | 96 ||| SHOPLISTING twisted ring mail (189 gold, have 8).
   106 | D:3      | 106 ||| Stepping ~*~*~tactically~*~*~ (stealth).
   115 | D:3      | Slain by a worm

Levels and vault maps discovered:
D:3:      layout_loops_cross, mainiacjoe_overflow_cross_hatched,
          chequers_temple_overflow_minitemple, serial_shops, shop
D:4:      layout_basic, mainiacjoe_overflow_small_starburst, kennysheep_dice
D:5:      layout_cave_pods, nicolae_uskayaw_suspiria,
          minmay_temple_entry_overgrown, chequers_big_river, uniq_pikel

Action                   || total
-------------------------++-------
Melee: Hand axe          ||    11
  Use: Scroll            ||     1
Armor: Leather armour    ||     1
Dodge: Dodged            ||     3

Table legend:
 A = Non-vault XP
 B = Vault XP
 C = Vault XP percentage of total XP
 D = Non-vault monster count
 E = Vault monster count
 F = Vault count percentage of total count
                 A         B        C        D         E       F
            +---------+---------+-------+---------+---------+-------
      Total |       2 |       0 |   0.0 |       2 |       0 |   0.0
            +---------+---------+-------+---------+---------+-------
        D:3 |       1 |       0 |   0.0 |       1 |       0 |   0.0
        D:4 |       1 |       0 |   0.0 |       1 |       0 |   0.0
            +---------+---------+-------+---------+---------+-------
